 Dungeon Crawl Stone Soup version 0.18.1-50-g88ac8fd (console) character file.

3570 CALLOUS the Covert (level 9, -1/64 HPs)
             Began as a Vampire Artificer on May 17, 2018.
             Was a Follower of Makhleb.
             Slain by Psyche
             ... wielding a +3 dagger of chaos
              (7 damage)
             ... on level 8 of the Dungeon.
             The game lasted 04:16:18 (18227 turns).

CALLOUS the Covert (Vampire Artificer)             Turns: 18227, Time: 04:16:19

Health: -1/64      AC:  0    Str: 10    XL:     9   Next: 84%
Magic:  11/11      EV: 26    Int: 14    God:    Makhleb [*.....]
Gold:   402        SH:  0    Dex: 23    Spells: 2 memorised, 1 level left

rFire  . . .     SeeInvis +     (weapon currently unavailable)
rCold  + . .     Gourm    .     (armour currently unavailable)
rNeg   + + .     Faith    .     (shield currently unavailable)
rPois  +         Spirit   .     (helmet currently unavailable)
rElec  .         Dismiss  .     (cloak currently unavailable)
rCorr  .         Reflect  .     (gloves currently unavailable)
SustAt .         Harm     .     (boots currently unavailable)
MR     .....                    (no amulet)
Stlth  +++++++...               (ring currently unavailable)
                                (ring currently unavailable)

@: bat-form, flying, regenerating slowly, very quick, not resistant to hostile
enchantments, extremely stealthy
A: fangs 3, see invisible, (unbreathing)
a: End Transformation, Renounce Religion


You were on level 8 of the Dungeon.
You worshipped Makhleb.
Makhleb was aware of your devotion.
You were very thirsty.
You were in vampire-bat-form.
You visited 2 branches of the dungeon, and saw 9 of its levels.
You also visited: Sewer and Ossuary.

You collected 402 gold pieces.

Inventory:

Hand Weapons
 a - a +0 short sword (melded)
 l - a cursed +3 spear
 y - a +2 halberd of flaming
 z - a cursed +2 flail
 D - the cursed +1 dagger "Death Rattle" {flame, *Drain rN++ Dex+6}
   (You found it on level 7 of the Dungeon)

   It has been specially enchanted to burn those struck by it, causing extra
   injury to most foes and up to half again as much damage against particularly
   susceptible opponents.
   It affects your dexterity (+6).
   It greatly protects you from negative energy.
   It causes draining when unequipped.
   It has a curse placed upon it.
 K - a +0 mace of protection
 L - a +0 shortbow
 Y - a +0 hand axe of flaming
 Z - a +2 spear
Missiles
 i - 253 stones
 m - 2 throwing nets
 q - 115 arrows
 s - 6 steel javelins
 F - 4 tomahawks (quivered)
Armour
 b - a +0 leather armour (melded)
 o - a +0 cloak (melded)
 V - a +0 helmet (melded)
Jewellery
 k - a +3 ring of evasion (melded)
 t - an uncursed ring of protection from magic
 v - an uncursed ring of sustain attributes
 R - the ring of Nemelex Xobeh's Wrath {rPois rC++ Str-3 Dex+4 Stlth-}
   (You found it in an ossuary)

   [ring of loudness]

   It affects your strength (-3).
   It affects your dexterity (+4).
   It greatly protects you from cold.
   It protects you from poison.
   It makes you less stealthy.
 X - a +2 ring of evasion
Wands
 c - a wand of flame (15/48)
 d - a wand of enslavement (15/24)
 e - a wand of random effects (11/48)
 f - a wand of paralysis (11/24)
 u - a wand of polymorph (12/24)
 U - a wand of iceblast (7/15)
Scrolls
 g - 5 scrolls of teleportation
 h - 6 scrolls of remove curse
 j - 2 scrolls of blinking
 r - a scroll of enchant weapon {unknown}
 A - a scroll of recharging {unknown}
 C - 5 scrolls of immolation
 E - 2 scrolls of fog {unknown}
 J - 2 scrolls of magic mapping
 O - a scroll of amnesia {unknown}
 Q - a scroll of silence {unknown}
 S - a scroll of vulnerability {unknown}
 W - 3 scrolls of identify
Potions
 n - 5 potions of flight
 p - a potion of cancellation {unknown}
 x - a potion of beneficial mutation {unknown}
 B - 2 potions of magic {unknown}
 G - a potion of brilliance {unknown}
 H - 2 potions of heal wounds
 I - 5 potions of curing
 M - a potion of haste {unknown}
 N - a potion of might
 P - 2 potions of lignification
 T - 7 potions of blood


   Skills:
 + Level 3.3 Fighting
 * Level 6.2 Short Blades
 * Level 8.4 Dodging
 * Level 12.7 Stealth
 * Level 3.7 Necromancy
 * Level 3.2 Transmutations
 + Level 3.1 Evocations


You had one spell level left.
You knew the following spells:

 Your Spells              Type           Power        Failure   Level  Hunger
a - Control Undead        Necr           ##........   71%         4    #####..
b - Ignite Poison         Fire/Trmt/Pois #.......     61%         3    ####...


Dungeon Overview and Level Annotations

Branches:
Dungeon (8/15)             Temple (1/1) D:7
   Lair: D:8-11

Altars:
Cheibriados
Dithmenos
Elyvilon
Fedhas
Gozag
Kikubaaqudgha
Makhleb
Okawaru
Pakellas
Qazlal
Ru
Sif Muna
Trog
Vehumet
Xom
Yredelemnul
Zin
The Shining One

Annotations:
D:2 exclusion: giant gecko, Sigmund
D:3 opDhand, exclusion: orc priest
D:8 cgEDweaponfodrainrf, exclusions: necrophage and player ghost, CALLOUS's ghost, novice VSHu; Erica; Psyche


Innate Abilities, Weirdness & Mutations

You heal slowly.
You have razor-sharp teeth.
You have supernaturally acute eyesight.
((You can survive without breathing.))


Message History

Psyche says, "Please, could you die a little faster?"
Psyche misses you. Psyche casts a spell at you. The puff of frost hits you!
You resist. Psyche casts a spell at you. The puff of flame misses you.
Psyche casts a spell at you. The puff of frost misses you.
Psyche points at you and mumbles some strange words.
The puff of flame hits you!
* * * LOW HITPOINT WARNING * * *
Psyche casts a spell at you. The puff of flame misses you.
Psyche laughs secretively.
Psyche gestures at you while chanting. The puff of flame hits you!
* * * LOW HITPOINT WARNING * * *
There is a stone staircase leading up here.
Psyche hits you with a dagger of chaos!
You die...

#.......(...# ......
#...#.......# ......
#####...####†#'## ......
#..........#.#.# ......
#.########.#.#.### .....
#.#.....#........# #+###.
#.#.###.#........# #.###.
#.#....[..^......# #.#...
#.###............# #.....
#........#+#.#'#####.....
#####...b................
##########@............###
#......................###
#.####....................
#.# #.................###
#.# #.................#..
#.# #................##.#
#.# #................##.#
#.# #........#..........#
#.# #........#.##########
#.# #........#........ #


You could see Psyche.

Vanquished Creatures
  A hungry ghost (D:7)
  A hippogriff (D:7)
  Duvessa (D:6)
  An ice beast (D:5)
  2 ogres
  A black bear (D:7)
  2 phantoms
  3 centaurs
  A big kobold (Sewer)
  2 elf zombies (D:5)
  A giant frog (D:7)
  A wyvern skeleton (D:7)
  An elf skeleton (D:5)
  Dowan (D:6)
  10 scorpions
  5 wights (D:6)
  2 crimson imps (D:7)
  2 centaur zombies
  A quasit (D:8)
  6 hounds
  2 human zombies (Ossuary)
  A centaur skeleton (D:5)
  3 orc wizards
  2 human skeletons (D:5)
  An iguana (D:5)
  4 worker ants
  Terence (D:2)
  2 big kobold zombies (Ossuary)
  A hound zombie (D:6)
  3 mummies (Ossuary)
  2 worker ant zombies
  9 gnolls
  3 howler monkey skeletons
  5 scorpion zombies (Ossuary)
  12 adders
  2 river rats (Sewer)
  3 shadow imps
  2 oozes (D:2)
  2 adder zombies
  2 adder skeletons
  5 worms
  2 dart slugs
  5 giant geckos
  23 orcs
  8 giant cockroaches
  5 goblins
  3 hobgoblins
  7 jackals
  3 quokkas
  8 bats
  6 giant newts
  5 gnoll zombies
  3 goblin zombies (Ossuary)
  2 hobgoblin zombies (Ossuary)
  6 kobolds
  An orc skeleton (D:5)
  An orc zombie (Ossuary)
  2 quokka skeletons
  13 rats
215 creatures vanquished.

Vanquished Creatures (others)
  A scorpion zombie (Ossuary)
  A goblin zombie (Ossuary)
  A kobold zombie (Ossuary)
3 creatures vanquished.

Grand Total: 218 creatures vanquished

Notes
Turn   | Place    | Note
--------------------------------------------------------------
     0 | D:1      | CALLOUS the Vampire Artificer began the quest for the Orb.
     0 | D:1      | Reached XP level 1. HP: 14/14 MP: 2/2
   346 | D:1      | Reached XP level 2. HP: 20/20 MP: 4/4
   443 | D:1      | Reached skill level 2 in Stealth
   862 | D:2      | Found a glowing silver altar of Zin.
   968 | D:2      | Reached skill level 1 in Fighting
  1199 | D:2      | Reached XP level 3. HP: 25/26 MP: 5/5
  1420 | D:2      | Noticed Sigmund
  1855 | D:2      | Noticed Terence
  2068 | D:2      | Killed Terence
  2068 | D:2      | Reached XP level 4. HP: 19/32 MP: 6/6
  2418 | D:2      | Reached skill level 3 in Stealth
  3306 | D:3      | Reached skill level 4 in Stealth
  4616 | D:4      | Reached XP level 5. HP: 26/37 MP: 4/7
  6069 | D:4      | Noticed an ogre
  6086 | D:4      | Reached skill level 5 in Stealth
  6304 | D:5      | Entered Level 5 of the Dungeon
  6320 | D:5      | Noticed a phantom
  6350 | D:5      | Killed a phantom
  6350 | D:5      | Reached XP level 6. HP: 23/43 MP: 8/8
  6458 | D:5      | Reached skill level 6 in Stealth
  6491 | D:5      | Found an ancient bone altar of Kikubaaqudgha.
  6503 | D:5      | Found a glowing drain.
  6566 | Sewer    | Entered a sewer
  6792 | Sewer    | Reached skill level 7 in Stealth
  6916 | Sewer    | Found a white marble altar of Elyvilon.
  7034 | D:5      | Reached XP level 7. HP: 40/49 MP: 9/9
  7041 | D:5      | Found a sand-covered staircase.
  7228 | Ossuary  | Entered an ossuary
  7626 | Ossuary  | Reached skill level 5 in Dodging
  7683 | Ossuary  | Reached skill level 8 in Stealth
  7690 | Ossuary  | Learned a level 4 spell: Control Undead
  8620 | Ossuary  | Reached skill level 9 in Stealth
  9540 | Ossuary  | Reached XP level 8. HP: 38/56 MP: 10/10
  9548 | Ossuary  | Got a brightly glowing granite ring
  9615 | Ossuary  | Identified the ring of Nemelex Xobeh's Wrath {rPois rC++ Str-3 Dex+4 Stlth-} (You found it in an ossuary)
  9788 | D:5      | Reached skill level 1 in Necromancy
 10122 | D:5      | Reached skill level 5 in Short Blades
 10149 | D:5      | Reached skill level 10 in Stealth
 10191 | D:5      | Learned a level 3 spell: Ignite Poison
 10687 | D:4      | Reached skill level 1 in Transmutations
 11011 | D:5      | Found an iron altar of Okawaru.
 11180 | D:5      | Reached skill level 11 in Stealth
 12115 | D:6      | Noticed Dowan
 12116 | D:6      | Noticed Duvessa
 12120 | D:6      | Killed Dowan
 12120 | D:6      | Reached XP level 9. HP: 62/62 MP: 11/11
 12192 | D:6      | Killed Duvessa
 12906 | D:6      | Found Kallig's Book Shop.
 13392 | D:6      | Found a basalt altar of Yredelemnul.
 14399 | D:7      | Got a brightly glowing dagger
 14400 | D:7      | Identified the cursed +1 dagger "Death Rattle" {flame, *Drain rN++ Dex+6} (You found it on level 7 of the Dungeon)
 14848 | D:7      | Found a staircase to the Ecumenical Temple.
 14857 | Temple   | Entered the Ecumenical Temple
 14872 | Temple   | Became a worshipper of Makhleb the Destroyer
 15362 | D:7      | Reached skill level 12 in Stealth
 17218 | D:7      | Found a shadowy altar of Dithmenos.
 17227 | D:7      | Found a glowing golden altar of the Shining One.
 17228 | D:7      | Found an ancient bone altar of Kikubaaqudgha.
 17228 | D:7      | Found a bloodstained altar of Trog.
 17229 | D:7      | Found a radiant altar of Vehumet.
 17230 | D:7      | Found a blossoming altar of Fedhas.
 17232 | D:7      | Found a deep blue altar of Sif Muna.
 17481 | D:8      | Reached * piety under Makhleb
 17681 | D:8      | Noticed CALLOUS's ghost (novice VSHu)
 18051 | D:8      | Noticed Erica
 18148 | D:8      | Noticed Psyche
 18227 | D:8      | Slain by Psyche

Skill      XL: |  1  2  3  4  5  6  7  8  9 |
---------------+----------------------------+-----
Stealth        | 2 4 5 7 9 11 12 | 12.7
Fighting       | 1 2 3 |  3.3
Evocations     | 3 |  3.1
Dodging        | 3 4 5 6 8 |  8.4
Short Blades   | 2 3 4 5 6 |  6.2
Necromancy     | 2 3 |  3.7
Transmutations | 1 3 |  3.2

Action                   |  1- 3 |  4- 6 |  7- 9 || total
-------------------------+-------+-------+-------++-------
Melee: Short sword       |   102 |   242 |   813 ||  1157
       Bite              |     2 |    29 |   120 ||   151
 Fire: Shortbow          |       |       |   131 ||   131
Throw: Stone             |    61 |    82 |    60 ||   203
       Javelin           |     8 |     8 |    20 ||    36
       Tomahawk          |       |     6 |    11 ||    17
 Abil: Bat Form          |    10 |    50 |   147 ||   207
       End Transformatio |    10 |    50 |   146 ||   206
Evoke: Wand              |     3 |       |     1 ||     4
  Use: Potion            |       |     5 |    14 ||    19
       Scroll            |       |     5 |     2 ||     7
 Stab: Sleeping          |     4 |    18 |    42 ||    64
       Distracted        |       |     1 |     5 ||     6
       Confused          |       |       |     1 ||     1
Armor: Leather armour    |    21 |    16 |    79 ||   116
Dodge: Dodged            |    63 |   107 |   545 ||   715
